| TOP OF THE 1ST |
|
Managua Lagoon Monsters batting - Pitching for Merida Olas : LHP Matthew Sutherland
|
|
Pitching: LHP Matthew Sutherland
|
|
|
Batting: LHB John Elway
|
0-0: Called Strike 0-1: Ball 1-1: Ball 2-1: Bunted foul 2-2: SINGLE (Groundball, 34D, EV 93.8 MPH)
|
|
Batting: RHB Ivan Calderon
|
0-0: Ball 1-0: Foul Ball, location: 2F 1-1: Foul Ball, location: 2F 1-2: Strikes out swinging
|
|
Batting: LHB Tom Lombarski
|
0-0: Ball 1-0: Called Strike 1-1: Foul Ball, location: 2F 1-2: Fly out, F5 (Popup, 5, EV 71.9 MPH)
|
|
Batting: RHB Houston Jimenez
|
0-0: Ball 1-0: Ball 2-0: Foul Ball, location: 2F 2-1: Fly out, F8 (Line Drive, 8LM, EV 106.9 MPH)
|
| Top of the 1st over - 0 runs, 1 hit, 0 errors, 1 left on base; Managua 0 - Merida 0 |
| BOTTOM OF THE 1ST |
|
Merida Olas batting - Pitching for Managua Lagoon Monsters : RHP Carlos Gil
|
|
Pitching: RHP Carlos Gil
|
|
|
Batting: LHB La Schelle Tarver
|
0-0: Ground out U3 (Groundball, 3, EV 90.0 MPH)
|
|
Batting: LHB Gary Jones
|
0-0: Ball 1-0: Ball 2-0: Ball 3-0: Called Strike 3-1: SINGLE (Flyball, 89S, EV 89.4 MPH)
|
|
Batting: LHB Curt Ford
|
0-0: Called Strike 0-1: Hit by Pitch Gary Jones to second
|
|
Batting: LHB Mike L Hart
|
0-0: Called Strike 0-1: Hit by Pitch Gary Jones to third Curt Ford to second
|
|
Batting: RHB Bob Bathe
|
0-0: Ball 1-0: Foul Ball, location: 2F 1-1: Ball 2-1: Foul Ball, location: 2F 2-2: Strikes out looking
|
|
Batting: LHB Vernon Ramie
|
0-0: Called Strike 0-1: Fly out, F9 (Flyball, 89S, EV 78.1 MPH)
|
| Bottom of the 1st over - 0 runs, 1 hit, 0 errors, 3 left on base; Managua 0 - Merida 0 |
| TOP OF THE 2ND |
|
Managua Lagoon Monsters batting - Pitching for Merida Olas : LHP Matthew Sutherland
|
|
Batting: RHB Mark Carreon
|
0-0: Called Strike 0-1: Ground out 1-3 (Groundball, 13S, EV 68.8 MPH)
|
|
Batting: RHB Ed Hearn
|
0-0: Foul Ball, location: 2F 0-1: Ball 1-1: Foul Ball, location: 2F 1-2: Foul Ball, location: 2F 1-2: Ball 2-2: Ball 3-2: Base on Balls
|
|
Batting: RHB Randy Ready
|
0-0: Called Strike 0-1: Fly out, F9 (Flyball, 9LD, EV 97.5 MPH)
|
|
Batting: RHB Marty Castillo
|
0-0: Ball 1-0: Fly out, F8 (Flyball, 8LXD, EV 93.8 MPH)
|
| Top of the 2nd over - 0 runs, 0 hits, 0 errors, 1 left on base; Managua 0 - Merida 0 |
| BOTTOM OF THE 2ND |
|
Merida Olas batting - Pitching for Managua Lagoon Monsters : RHP Carlos Gil
|
|
Batting: RHB Tim Hulett
|
0-0: Ball 1-0: Ball 2-0: Called Strike 2-1: Foul Ball, location: 2F 2-2: Foul Ball, location: 2F 2-2: Ground out U3 (Groundball, 34, EV 97.5 MPH)
|
|
Batting: LHB Ty Van Burkleo
|
0-0: Ball 1-0: Ball 2-0: Swinging Strike 2-1: Ball 3-1: Swinging Strike 3-2: Foul Ball, location: 2F 3-2: Foul Ball, location: 2F 3-2: Base on Balls
|
|
Batting: LHB Joe Szekely
|
0-0: Fly out, F8 (Flyball, 8RD, EV 99.4 MPH)
|
|
Batting: LHB La Schelle Tarver
|
0-0: Called Strike 0-1: Foul Ball, location: 2F 0-2: Fly out, F7 (Flyball, 7, EV 83.8 MPH)
|
| Bottom of the 2nd over - 0 runs, 0 hits, 0 errors, 1 left on base; Managua 0 - Merida 0 |
| TOP OF THE 3RD |
|
Managua Lagoon Monsters batting - Pitching for Merida Olas : LHP Matthew Sutherland
|
|
Batting: RHB Ray Ortega
|
0-0: Foul Ball, location: 2F 0-1: Ball 1-1: Ball 2-1: Foul Ball, location: 2F 2-2: Foul Ball, location: 2F 2-2: Ball 3-2: Base on Balls
|
|
Batting: LHB John Elway
|
0-0: Ball 1-0: Ball 2-0: Ball 3-0: Base on Balls Ray Ortega to second
|
|
Batting: RHB Ivan Calderon
|
0-0: Ball 1-0: Called Strike 1-1: Ball 2-1: Ball 3-1: Foul Ball, location: 2F 3-2: Base on Balls Ray Ortega to third John Elway to second
|
|
Batting: LHB Tom Lombarski
|
0-0: Ball 1-0: Reached on error, E3 (Groundball, 34, EV 80.0 MPH) Ray Ortega scores John Elway to third Ivan Calderon to second
|
|
Batting: RHB Houston Jimenez
|
0-0: Ball 1-0: Ball Wild Pitch! John Elway scores Ivan Calderon to third Tom Lombarski to second 2-0: Ball 3-0: Called Strike 3-1: Swinging Strike 3-2: Base on Balls
|
|
Batting: RHB Mark Carreon
|
0-0: Fielders Choice at 2nd, 3-6 (Groundball, 3, EV 86.9 MPH) Ivan Calderon scores Tom Lombarski to third
|
|
Batting: RHB Ed Hearn
|
0-0: Fly out, F7 (Flyball, 7, EV 71.9 MPH) Runner from 3rd tags up, SCORES, no throw by LF
|
|
Batting: RHB Randy Ready
|
0-0: Ball Mark Carreon steals 2nd base (no throw) 1-0: Ball 2-0: Ball 3-0: Called Strike 3-1: Base on Balls
|
|
Batting: RHB Marty Castillo
|
0-0: Ball 1-0: Ball 2-0: Swinging Strike 2-1: Ball 3-1: Base on Balls Mark Carreon to third Randy Ready to second
|
|
Batting: RHB Ray Ortega
|
0-0: Ball 1-0: Foul Ball, location: 2F 1-1: Ball 2-1: Ball 3-1: Fielders Choice at 2nd, 6-4 (Groundball, 6, EV 79.4 MPH)
|
| Top of the 3rd over - 4 runs, 0 hits, 1 error, 3 left on base; Managua 4 - Merida 0 |
| BOTTOM OF THE 3RD |
|
Merida Olas batting - Pitching for Managua Lagoon Monsters : RHP Carlos Gil
|
|
Batting: LHB Gary Jones
|
0-0: Called Strike 0-1: Ball 1-1: Foul Ball, location: 2F 1-2: Strikes out swinging
|
|
Batting: LHB Curt Ford
|
0-0: Ball 1-0: Fly out, F7 (Line Drive, 7D, EV 90.6 MPH)
|
|
Batting: LHB Mike L Hart
|
0-0: Foul Ball, location: 2F 0-1: Ball 1-1: Fly out, F5 (Popup, 25, EV 84.4 MPH)
|
| Bottom of the 3rd over - 0 runs, 0 hits, 0 errors, 0 left on base; Managua 4 - Merida 0 |
| TOP OF THE 4TH |
|
Managua Lagoon Monsters batting - Pitching for Merida Olas : LHP Matthew Sutherland
|
|
Batting: LHB John Elway
|
0-0: Called Strike 0-1: Swinging Strike 0-2: Ground out 6-3 (Groundball, 6, EV 84.4 MPH)
|
|
Batting: RHB Ivan Calderon
|
0-0: Ball 1-0: Ball 2-0: Ball 3-0: Foul Ball, location: 2F 3-1: Called Strike 3-2: Strikes out swinging
|
|
Batting: LHB Tom Lombarski
|
0-0: Ball 1-0: DOUBLE (Line Drive, 7LS, EV 97.5 MPH)
|
|
Batting: RHB Houston Jimenez
|
0-0: Ball 1-0: Called Strike 1-1: Fly out, F8 (Flyball, 89D, EV 74.4 MPH)
|
| Top of the 4th over - 0 runs, 1 hit, 0 errors, 1 left on base; Managua 4 - Merida 0 |
| BOTTOM OF THE 4TH |
|
Merida Olas batting - Pitching for Managua Lagoon Monsters : RHP Carlos Gil
|
|
Batting: RHB Bob Bathe
|
0-0: Ball 1-0: Ball 2-0: Ball 3-0: Base on Balls
|
|
Batting: LHB Vernon Ramie
|
0-0: Ball 1-0: Foul Ball, location: 2F 1-1: Ball 2-1: Swinging Strike 2-2: Ball 3-2: Fly out, F7 (Flyball, 78M, EV 90.6 MPH)
|
|
Batting: RHB Tim Hulett
|
0-0: Foul Ball, location: 2F 0-1: Ball 1-1: Foul Ball, location: 2F 1-2: Ball 2-2: Grounds into double play, 1-6-3 (Groundball, 13S, EV 75.6 MPH)
|
| Bottom of the 4th over - 0 runs, 0 hits, 0 errors, 0 left on base; Managua 4 - Merida 0 |
| TOP OF THE 5TH |
|
Managua Lagoon Monsters batting - Pitching for Merida Olas : LHP Matthew Sutherland
|
|
Batting: RHB Mark Carreon
|
0-0: Swinging Strike 0-1: Called Strike 0-2: Ball 1-2: Foul Ball, location: 2F 1-2: Foul Ball, location: 2F 1-2: DOUBLE (Line Drive, 89XD, EV 105.0 MPH)
|
|
Batting: RHB Ed Hearn
|
0-0: Called Strike 0-1: Fly out, F7 (Line Drive, 7, EV 88.1 MPH)
|
|
Batting: RHB Randy Ready
|
0-0: Ball Wild Pitch! Mark Carreon to third 1-0: Called Strike 1-1: Ball 2-1: Ball 3-1: Foul Ball, location: 2F 3-2: Reached on error, E5 (Groundball, 56S, EV 75.0 MPH) Mark Carreon scores
|
|
Batting: RHB Marty Castillo
|
0-0: Swinging Strike 0-1: Ball 1-1: Ball 2-1: Ball 3-1: Base on Balls Randy Ready to second
|
|
Pitching: RHP Danny Castillo
|
|
|
Batting: RHB Ray Ortega
|
0-0: Foul Ball, location: 2F 0-1: Called Strike 0-2: Foul Ball, location: 2F 0-2: Strikes out swinging
|
|
Batting: LHB John Elway
|
0-0: Called Strike 0-1: Called Strike 0-2: Foul Ball, location: 2F 0-2: Foul Ball, location: 2F 0-2: Ball 1-2: Strikes out swinging
|
| Top of the 5th over - 1 run, 1 hit, 1 error, 2 left on base; Managua 5 - Merida 0 |
| BOTTOM OF THE 5TH |
|
Merida Olas batting - Pitching for Managua Lagoon Monsters : RHP Carlos Gil
|
|
Batting: LHB Ty Van Burkleo
|
0-0: Ball 1-0: Ground out U3 (Groundball, 34S, EV 86.9 MPH)
|
|
Batting: LHB Joe Szekely
|
0-0: Called Strike 0-1: Ball 1-1: Ball 2-1: Ball 3-1: Ground out 4-3 (Groundball, 4, EV 83.8 MPH)
|
|
Batting: LHB La Schelle Tarver
|
0-0: Ball 1-0: Ball 2-0: Ball 3-0: Called Strike 3-1: Foul Ball, location: 2F 3-2: Strikes out swinging
|
| Bottom of the 5th over - 0 runs, 0 hits, 0 errors, 0 left on base; Managua 5 - Merida 0 |
| TOP OF THE 6TH |
|
Managua Lagoon Monsters batting - Pitching for Merida Olas : RHP Danny Castillo
|
|
Batting: RHB Ivan Calderon
|
0-0: Ball 1-0: Ball 2-0: Ball 3-0: Called Strike 3-1: Base on Balls
|
|
Batting: LHB Tom Lombarski
|
0-0: Ball 1-0: Swinging Strike 1-1: Foul Ball, location: 2F 1-2: Ball 2-2: Strikes out swinging
|
|
Batting: RHB Houston Jimenez
|
0-0: Swinging Strike 0-1: Called Strike 0-2: Fly out, F8 (Flyball, 8LS, EV 91.3 MPH)
|
|
Batting: RHB Mark Carreon
|
0-0: Called Strike 0-1: Foul Ball, location: 2F 0-2: Ball 1-2: Reached on error, E2 (Popup, 13S, EV 83.1 MPH) Ivan Calderon to second
|
|
Batting: RHB Ed Hearn
|
0-0: Called Strike 0-1: Ball 1-1: Called Strike 1-2: Ball 2-2: Foul Ball, location: 2F 2-2: Ball 3-2: SINGLE (Groundball, 5D, EV 105.0 MPH) Ivan Calderon to third Mark Carreon to second Ivan Calderon scores Mark Carreon to third
|
|
Batting: RHB Randy Ready
|
0-0: Fly out, F8 (Flyball, 8RM, EV 74.4 MPH)
|
| Top of the 6th over - 1 run, 1 hit, 1 error, 2 left on base; Managua 6 - Merida 0 |
| BOTTOM OF THE 6TH |
|
Merida Olas batting - Pitching for Managua Lagoon Monsters : RHP Carlos Gil
|
|
Batting: LHB Gary Jones
|
0-0: Ball 1-0: Foul Ball, location: 2F 1-1: Swinging Strike 1-2: Strikes out swinging
|
|
Batting: LHB Curt Ford
|
0-0: Called Strike 0-1: Ball 1-1: Ground out 4-3 (Groundball, 4, EV 96.9 MPH)
|
|
Batting: LHB Mike L Hart
|
0-0: Called Strike 0-1: Ball 1-1: Ball 2-1: Ground out 4-3 (Groundball, 4, EV 91.9 MPH)
|
| Bottom of the 6th over - 0 runs, 0 hits, 0 errors, 0 left on base; Managua 6 - Merida 0 |
| TOP OF THE 7TH |
|
Managua Lagoon Monsters batting - Pitching for Merida Olas : RHP Danny Castillo
|
|
Batting: RHB Marty Castillo
|
0-0: Called Strike 0-1: Foul Ball, location: 2F 0-2: Ball 1-2: Ball 2-2: SINGLE (Groundball, P, EV 90.0 MPH) (infield hit)
|
|
Batting: RHB Ray Ortega
|
0-0: Called Strike 0-1: Ball 1-1: Hit by Pitch Marty Castillo to second
|
|
Batting: LHB John Elway
|
0-0: Called Strike 0-1: Fly out, F7 (Flyball, 7D, EV 86.9 MPH) Runner from 2nd tags up, SAFE at 3rd, no throw by LF
|
|
Batting: RHB Ivan Calderon
|
0-0: Fly out, F9 (Flyball, 9, EV 90.6 MPH) Runner from 3rd tags up, SCORES, throw by RF
|
|
Batting: LHB Tom Lombarski
|
0-0: Ball 1-0: Called Strike 1-1: Ground out 6-3 (Groundball, 6S, EV 88.8 MPH)
|
| Top of the 7th over - 1 run, 1 hit, 0 errors, 1 left on base; Managua 7 - Merida 0 |
| BOTTOM OF THE 7TH |
|
Merida Olas batting - Pitching for Managua Lagoon Monsters : RHP Carlos Gil
|
|
Pinch Hitting: RHB Jordan Arredondo
|
0-0: Ball 1-0: SINGLE (Groundball, 4MS, EV 88.1 MPH) (infield hit)
|
|
Batting: LHB Vernon Ramie
|
0-0: Swinging Strike 0-1: Ball 1-1: Swinging Strike 1-2: Foul Ball, location: 2F 1-2: Ball 2-2: Ball 3-2: Strikes out swinging
|
|
Batting: RHB Tim Hulett
|
0-0: Ball 1-0: Swinging Strike 1-1: Called Strike 1-2: Foul Ball, location: 2F 1-2: Strikes out swinging
|
|
Batting: LHB Ty Van Burkleo
|
0-0: Foul Ball, location: 2F 0-1: Ball 1-1: Foul Ball, location: 2F 1-2: Ball 2-2: Ball 3-2: Ground out 4-3 (Groundball, 4, EV 99.4 MPH)
|
| Bottom of the 7th over - 0 runs, 1 hit, 0 errors, 1 left on base; Managua 7 - Merida 0 |
| TOP OF THE 8TH |
|
Managua Lagoon Monsters batting - Pitching for Merida Olas : RHP Danny Castillo
|
|
Now at 3B: Jordan Arredondo
|
|
|
Batting: RHB Houston Jimenez
|
0-0: Foul Ball, location: 2F 0-1: Ball 1-1: Ball 2-1: Called Strike 2-2: Foul Ball, location: 2F 2-2: Strikes out swinging
|
|
Batting: RHB Mark Carreon
|
0-0: Called Strike 0-1: Ball 1-1: Ground out U3 (Groundball, 34, EV 75.6 MPH)
|
|
Batting: RHB Ed Hearn
|
0-0: Ball 1-0: Fly out, F8 (Flyball, 8LD, EV 100.0 MPH)
|
| Top of the 8th over - 0 runs, 0 hits, 0 errors, 0 left on base; Managua 7 - Merida 0 |
| BOTTOM OF THE 8TH |
|
Merida Olas batting - Pitching for Managua Lagoon Monsters : RHP Carlos Gil
|
|
Batting: LHB Joe Szekely
|
0-0: Foul Ball, location: 2F 0-1: Ball 1-1: Foul Ball, location: 2F 1-2: Foul Ball, location: 2F 1-2: Foul Ball, location: 2F 1-2: DOUBLE (Line Drive, 9LD, EV 103.1 MPH)
|
|
Pinch Hitting: SHB Rod Craig
|
0-0: Ground out 6-3 (Groundball, 6, EV 106.9 MPH)
|
|
Batting: LHB Gary Jones
|
0-0: Ball 1-0: Ground out 5-3 (Groundball, 56, EV 88.8 MPH)
|
|
Batting: LHB Curt Ford
|
0-0: Swinging Strike 0-1: Ball 1-1: Ball 2-1: Swinging Strike 2-2: Foul Ball, location: 2F 2-2: SINGLE (Groundball, 56D, EV 103.8 MPH) Joe Szekely to third Runner from 3rd tries for Home, SAFE, throw by LF to home
|
|
Batting: LHB Mike L Hart
|
0-0: Fly out, F8 (Flyball, 8LD, EV 107.5 MPH)
|
| Bottom of the 8th over - 1 run, 2 hits, 0 errors, 1 left on base; Managua 7 - Merida 1 |
| TOP OF THE 9TH |
|
Managua Lagoon Monsters batting - Pitching for Merida Olas : RHP Danny Castillo
|
|
Now in LF: Rod Craig
|
|
|
Batting: RHB Randy Ready
|
0-0: Ball 1-0: Called Strike 1-1: Ball 2-1: Hit by Pitch
|
|
Pitching: RHP Robert Almeraz
|
|
|
Batting: RHB Marty Castillo
|
0-0: Called Strike 0-1: SINGLE (Line Drive, 5D, EV 95.6 MPH) Randy Ready to second
|
|
Batting: RHB Ray Ortega
|
0-0: Called Strike 0-1: Foul Ball, location: 2F 0-2: Strikes out swinging
|
|
Batting: LHB John Elway
|
0-0: Ball 1-0: Foul Ball, location: 2F 1-1: Ball 2-1: Ball 3-1: Fielders Choice at 2nd, 5-4 (Groundball, 56, EV 103.8 MPH) Randy Ready to third
|
|
Batting: RHB Ivan Calderon
|
0-0: Ball 1-0: Called Strike 1-1: Swinging Strike 1-2: Foul Ball, location: 2F 1-2: Ball Wild Pitch! Randy Ready scores John Elway to second 2-2: Ball 3-2: Strikes out swinging
|
| Top of the 9th over - 1 run, 1 hit, 0 errors, 1 left on base; Managua 8 - Merida 1 |
| BOTTOM OF THE 9TH |
|
Merida Olas batting - Pitching for Managua Lagoon Monsters : RHP Carlos Gil
|
|
Batting: RHB Jordan Arredondo
|
0-0: Ball 1-0: Called Strike 1-1: Ground out 6-3 (Groundball, 6S, EV 93.8 MPH)
|
|
Batting: LHB Vernon Ramie
|
0-0: Swinging Strike 0-1: Ball 1-1: Foul Ball, location: 2F 1-2: Ball 2-2: Strikes out looking
|
|
Batting: RHB Tim Hulett
|
0-0: Called Strike 0-1: Called Strike 0-2: Ball 1-2: Ball 2-2: Ground out 4-3 (Groundball, 4, EV 86.9 MPH)
|
| Bottom of the 9th over - 0 runs, 0 hits, 0 errors, 0 left on base; Managua 8 - Merida 1 |
|